 Dungeon Crawl Stone Soup version 0.29-a0-717-g6dac4ea423 (webtiles) character file.

Game seed: 1252791281665655371

65 HoaS the Shooter (level 3, -3/20 HPs)
             Began as a Deep Elf Hunter on June 26, 2022.
             Slain by Terence
             ... wielding a +4 vorpal hand axe
              (6 damage)
             ... on level 2 of the Dungeon.
             The game lasted 00:02:26 (1822 turns).

HoaS the Shooter (Deep Elf Hunter)                  Turns: 1822, Time: 00:02:27

Health: -3/20      AC:  5    Str:  8    XL:     3   Next: 92%
Magic:  5/5        EV: 12    Int: 13    God:
Gold:   75         SH:  0    Dex: 20    Spells: 2/2 levels left

rFire   . . .      SeeInvis .   a - +0 shortbow
rCold   . . .      Faith    .   (shield currently unavailable)
rNeg    . . .      Spirit   .   c - +0 leather armour
rPois   .          Reflect  .   g - +2 hat
rElec   .          Harm     .   (no cloak)
rCorr   .          Rampage  .   (no gloves)
Will    .....                   (no boots)
Stlth   ++........              (no amulet)
HPRegen 0.06/turn               (no ring)
MPRegen 0.09/turn               (no ring)

@: no status effects
A: no striking features
a: no special abilities


You were on level 2 of the Dungeon.
You visited 1 branch of the dungeon, and saw 2 of its levels.

You collected 75 gold pieces.

Inventory:

Hand Weapons
 a - a +0 shortbow (weapon)
Armour
 c - a +0 leather armour (worn)
 g - a +2 hat (worn)
Scrolls
 b - 2 scrolls of immolation
 h - a scroll of identify
 l - 2 scrolls of vulnerability {unknown}
Potions
 d - a potion of lignification
 e - a potion of curing {unknown}
 i - 2 potions of cancellation
 j - 2 potions of degeneration {unknown}
 k - a potion of might {unknown}


   Skills:
 - Level 1.5 Fighting
 + Level 7.4 Ranged Weapons
 - Level 2.4 Dodging
 - Level 1.2 Stealth


You had 2 spell levels left.
You didn't know any spells.
Your spell library was empty.

Dungeon Overview and Level Annotations

Branches:
Dungeon (2/15)

Altars:

Annotations:
D:2 Terence


Message History

Terence closely misses you.
You fade into invisibility!
Terence barely misses you.
You shoot an arrow.
The arrow hits Terence but does no damage.
Terence is lightly wounded.
Terence hits you with a +4 vorpal hand axe!
* * * LOW HITPOINT WARNING * * *
You are too injured to fight recklessly!
You are too injured to fight recklessly!
Terence says, "Rest in peace."
A kobold comes into view. It is wielding a +0 club.
You flicker for a moment.
You flicker back into view.
You start resting.
Terence is nearby!
You shoot an arrow. The arrow closely misses Terence.
You shoot an arrow. The arrow barely misses Terence.
You shoot an arrow.
The arrow hits Terence but does no damage.
You shoot an arrow. The arrow hits Terence.
Terence is lightly wounded.
You shoot an arrow. The arrow barely misses Terence.
Terence hits you with a +4 vorpal hand axe.
* * * LOW HITPOINT WARNING * * *
x2 You are too injured to fight recklessly!
You are too injured to fight recklessly!
You are too injured to fight recklessly!
You are too injured to fight recklessly!
Fire: a) +0 shortbow
Press: ? - help, Q - select action Shift-Dir - straight line, f/p - Terence
Aim: Terence, wielding a +4 vorpal hand axe and wearing a +0 scale mail (lightly wounded, 69% to hit)
You shoot an arrow. The arrow barely misses Terence.
Terence closely misses you.
Fire: a) +0 shortbow
Press: ? - help, Q - select action Shift-Dir - straight line, f/p - Terence
Aim: Terence, wielding a +4 vorpal hand axe and wearing a +0 scale mail (lightly wounded, 69% to hit)
You shoot an arrow. The arrow completely misses Terence.
Terence hits you with a +4 vorpal hand axe.
You die...

########### #@@.......#
#.#######.#
##########.#######.# ####
#..>....##.##...##.## ...#
#.#####.##.##.......# ##
##.####.#####.##.##...##..#
##.
##.........##.##.###.###..#
##..
.######.##.##.##.###.###@.##
#... ##
#.##.##.##...........####..


You could see Terence.

Vanquished Creatures
  2 adders (D:2)
  A gnoll (D:1)
  2 worms (D:2)
  2 bats
  7 endoplasms
  A giant cockroach (D:2)
  3 goblins (D:2)
  2 hobgoblins
  2 quokkas
  3 ball pythons
  A frilled lizard (D:1)
  A kobold (D:1)
  3 rats
  A spectral goblin (D:2)
31 creatures vanquished.

Notes
Turn   | Place    | Note
-------+----------+-------------------------------------------
     0 | D:1      | HoaS the Deep Elf Hunter began the quest for the Orb.
     0 | D:1      | Reached XP level 1. HP: 12/12 MP: 3/3
   202 | D:1      | Reached XP level 2. HP: 16/16 MP: 4/4
   236 | D:1      | Reached skill level 6 in Ranged Weapons
   844 | D:2      | Reached XP level 3. HP: 8/20 MP: 5/5
  1188 | D:2      | Found a faded altar of an unknown god.
  1455 | D:2      | Reached skill level 7 in Ranged Weapons
  1709 | D:2      | Noticed Terence
  1822 | D:2      | Slain by Terence

Illustrated notes

Levels and vault maps discovered:
D:1:      noname_arrival_rooms_in_the_neighbourhood, layout_loops_ring,
          dk_noncrumbling_2, minmay_statues_item
D:2:      layout_loops_corners, dreamdust_ecumenical_altar_drowned_temple,
          uniq_terence

Skill      XL: |  1  2  3 |
---------------+----------+-----
Ranged Weapons | 6 7 |  7.4
Fighting       | |  1.5
Dodging        | |  2.4
Stealth        | |  1.2

Action                   || total
-------------------------++-------
 Fire: Shortbow          ||    81
  Use: Scroll            ||     4
       Potion            ||     1
Armor: Leather armour    ||     5
Dodge: Dodged            ||    10

Table legend: (Time is in decaauts)
 A = Elapsed time spent in this place.
 B = Non-inter-level travel time spent in this place.
 C = Inter-level travel time spent in this place.
 D = Time resting spent in this place.
 E = Time spent auto-exploring this place.
 F = Levels seen in this place.
 G = Mean time per level.
                   A        B        C        D        E       F      G
               +--------+--------+--------+--------+--------+-----+--------+
         Total |   1842 |   1830 |     12 |    345 |   1246 |   2 |  921.0 |
       Dungeon |   1842 |   1830 |     12 |    345 |   1246 |   2 |  921.0 |
               +--------+--------+--------+--------+--------+-----+--------+

Top non-repeatable levels by time:
     D:2: 1120 daAuts
     D:1: 721 daAuts
